 Dungeon Crawl Stone Soup version 0.19.1 (webtiles) character file.

1682 Gargoyl the Skirmisher (level 8, 0/78 HPs)
             Began as a Red Draconian Abyssal Knight on Dec 6, 2016.
             Was a Priest of Lugonu.
             Slain by a gnoll
             ... wielding a +0 spear
              (3 damage)
             ... on level 6 of the Dungeon.
             The game lasted 00:12:45 (5991 turns).

Gargoyl the Skirmisher (DrAK)                       Turns: 5991, Time: 00:12:46

Health: 0/78       AC:  6    Str: 14 (17) XL:     8   Next: 71%
Magic:  9/9        EV: 13    Int:  7 (10) God:    Lugonu [***...]
Gold:   266        SH:  0    Dex:  8 (11) Spells: 0 memorised, 7 levels left

rFire  + . .     SeeInvis .     a - +1 hand axe
rCold  . . .     Gourm    .     (armour unavailable)
rNeg   . . .     Faith    .     (no shield)
rPois  .         Spirit   .     (helmet restricted)
rElec  .         Reflect  .     (no cloak)
rCorr  .         Harm     .     (no gloves)
MR     +....                    (no boots)
Stlth  ++........               H - amulet of rage
                                (no ring)
                                e - ring of protection from magic

@: short of breath, drained
A: breathe fire, unfitting armour, blurry vision 1, dopey 1, fire resistance 1,
robust 1, cold-blooded, subdued magic 1, AC +6
a: Breathe Fire, Depart the Abyss, Bend Space, Banish, Renounce Religion, Evoke
Berserk Rage


You were on level 6 of the Dungeon.
You worshipped Lugonu.
Lugonu was most pleased with you.
You were near starving.

You visited 1 branch of the dungeon, and saw 6 of its levels.
You visited the Abyss 1 time.

You collected 266 gold pieces.

Inventory:

Hand Weapons
 a - a +1 hand axe (weapon)
 D - the +11 morningstar of Patience {drain, rElec Int+3 Dex+3}
   (You found it on level 5 of the Dungeon)

   A truly terrible weapon, it drains the life of those it strikes.
   It affects your intelligence (+3).
   It affects your dexterity (+3).
   It insulates you from electricity.
Missiles
 q - 7 tomahawks (quivered)
Jewellery
 e - a ring of protection from magic (left hand)
 H - an amulet of rage (around neck)
Wands
 p - a wand of confusion (25/48)
 t - a wand of flame (14/48)
Scrolls
 c - 4 scrolls of fear {unknown}
 f - a scroll of enchant armour {unknown}
 k - 3 scrolls of blinking {unknown}
 m - 5 scrolls of teleportation
 o - a scroll of noise {unknown}
 r - a scroll of fog {unknown}
 s - a scroll of remove curse
 w - a scroll of amnesia {unknown}
 x - 2 scrolls of immolation {unknown}
 A - a scroll of recharging
 B - a scroll of brand weapon {unknown}
 E - a scroll of random uselessness {unknown}
Potions
 d - a potion of mutation {unknown}
 g - 2 potions of degeneration
 j - 2 potions of lignification {unknown}
 n - a potion of brilliance {unknown}
 v - a potion of flight {unknown}
 z - a potion of magic
 G - a potion of resistance {unknown}
Books
 u - a book of Geomancy

   Spells                             Type                      Level
   a - Sandblast                      Earth                        1
   b - Passwall                       Transmutation/Earth          2
   c - Stone Arrow                    Conjuration/Earth            3
   d - Petrify                        Transmutation/Earth          4
   e - Lee's Rapid Deconstruction     Earth                        5
Comestibles
 b - 3 bread rations
 l - 4 meat rations
 C - 2 beef jerkies


   Skills:
 + Level 6.6(6.3) Fighting
   Level 5.8(5.5) Long Blades
 + Level 3.1(3.7) Axes
 + Level 3.8(4.0) Maces & Flails
 + Level 5.2(4.9) Dodging
 + Level 2.5(2.2) Stealth
 + Level 2.3(2.0) Invocations


You had 7 spell levels left.
You didn't know any spells.

Dungeon Overview and Level Annotations

Branches:
Dungeon (6/15)             Temple (0/1) D:6

Altars:
Ashenzari
Cheibriados
Gozag
Makhleb
Qazlal
Ru
Trog
Uskayaw
Vehumet
Xom
The Shining One


Innate Abilities, Weirdness & Mutations

You can breathe blasts of fire.
Your fiery red scales are hard. (AC +6)
You cannot fit into any form of body armour.
Your flesh is heat resistant. (rF+)
You are cold-blooded and may be slowed by cold attacks.
Scrolls take you a little longer to read.
You are dopey. (Int -2)
You are robust. (+10% HP)
Your spells are a little easier to cast, but a little less powerful.


Message History

A giant cockroach and 2 gnolls come into view.
The gnoll hits you with a spear!
* * * LOW HITPOINT WARNING * * *
Unknown command.
Okay, then.
Press: ? - help, Shift-Dir - straight line, f - gnoll
Aim: a gnoll, wielding a spear (heavily wounded, chance to defeat MR: 86%)
You fail to use your ability.
The gnoll barely misses you.
You can't do that yet.
You're too hungry.
You're too hungry.
Okay, then.
You feel better. The giant cockroach closely misses you.
The gnoll closely misses you.
A gnoll comes into view. It is wielding a halberd.
The gnoll closely misses you. The gnoll hits you with a spear!
* * * LOW HITPOINT WARNING * * *
The gnoll hits you from afar with a spear.
You die...

#.(##....)#...#
####.##.....#.#.#
#...............#
##............#####
.##...............######
..###..#'####..........#
#.(_#.............#### ###
..####.#.###..#.()g.##...#
.## #.#.##.....@s.gg..# ##
###...#.....#.##.##g#
#...........####.# g.
#....>......# ### .g.
#####.......).## ...
....##........# ..
.....##.......# .
#.##..#.......#
.ยง.#..#.......#


You could see 4 gnolls and a giant cockroach.

Vanquished Creatures
  An orc warrior (D:6)
  A sky beast (D:6)
  An ice beast (D:6)
  An ogre (D:5)
  A phantom (D:6)
  A centaur (D:6)
  The ghost of loom the Digger, an amateur GrEE (D:3)
  A bullfrog (D:6)
  A scorpion (D:2)
  A howler monkey (D:4)
  A crimson imp (D:6)
  2 orc wizards
  Ijyb (D:3)
  4 hounds
  A gnoll shaman (D:5)
  3 iguanas
  Natasha (thrice) (D:3)
  A worker ant (D:4)
  A howler monkey zombie (D:5)
  11 adders
  28 gnolls
  A shadow imp (D:5)
  An adder zombie (D:6)
  A dart slug (D:2)
  3 worms
  4 leopard geckos
  7 orcs
  8 bats
  3 giant cockroaches
  5 goblins
  7 hobgoblins
  12 jackals
  A quokka (D:3)
  4 ball pythons
  A ball python zombie (D:5)
  3 frilled lizards
  6 kobolds
  A quokka skeleton (D:5)
  5 rats
139 creatures vanquished.

Vanquished Creatures (others)
  2 hounds (D:5)
  A worker ant (D:5)
  A jackal (D:5)
4 creatures vanquished.

Grand Total: 143 creatures vanquished

Notes
Turn   | Place    | Note
-------+----------+-------------------------------------------
     0 | Abyss:1  | Gargoyl the Draconian Abyssal Knight began the quest for the Orb.
     0 | Abyss:1  | Reached XP level 1. HP: 19/19 MP: 2/2
    12 | Abyss:2  | Found a corrupted altar of Lugonu.
    49 | Abyss:2  | Noticed a large abomination
    68 | Abyss:2  | Noticed a tormentor
    68 | Abyss:2  | Noticed a large abomination
    70 | D:1      | Escaped the Abyss
   251 | D:1      | Reached XP level 2. HP: 27/27 MP: 3/3
   428 | D:1      | Reached * piety under Lugonu
   690 | D:2      | Reached skill level 4 in Fighting
   690 | D:2      | Reached XP level 3. HP: 28/33 MP: 4/4
   692 | D:2      | Found a faded altar of an unknown god.
   784 | D:2      | Reached skill level 1 in Long Blades
  1073 | D:2      | Found a snail-covered altar of Cheibriados.
  1114 | D:2      | Reached XP level 4. HP: 22/40 MP: 5/5
  1325 | D:2      | Found a hide-covered altar of Uskayaw.
  1357 | D:2      | Found a burning altar of Makhleb.
  1454 | D:2      | Reached XP level 5. HP: 16/47 MP: 6/6
  1780 | D:3      | Noticed Natasha
  1787 | D:3      | Killed Natasha
  1795 | D:3      | Noticed Natasha
  1797 | D:3      | Noticed Ijyb
  1805 | D:3      | Killed Natasha
  1991 | D:3      | Killed Ijyb
  2028 | D:3      | Noticed loom's ghost (amateur GrEE)
  2095 | D:3      | Reached ** piety under Lugonu
  2202 | D:3      | Reached XP level 6. HP: 47/53 MP: 7/7
  2596 | D:3      | Killed loom's ghost
  2811 | D:3      | Found a sacrificial altar of Ru.
  2845 | D:3      | Found a bloodstained altar of Trog.
  2849 | D:3      | Noticed Natasha
  2854 | D:3      | Killed Natasha
  3091 | D:3      | Reached skill level 1 in Stealth
  3303 | D:4      | Reached skill level 5 in Fighting
  3332 | D:4      | Your scales start taking on a fiery red colour.
  3332 | D:4      | Reached XP level 7. HP: 60/61 MP: 8/8
  3332 | D:4      | Gained mutation: Your flesh is heat resistant. (rF+) [Red Draconian growth]
  3539 | D:4      | Reached skill level 5 in Long Blades
  3562 | D:4      | Found an opulent altar of Gozag.
  3758 | D:5      | Entered Level 5 of the Dungeon
  3786 | D:5      | Found a shimmering altar of Xom.
  4108 | D:5      | Found a shattered altar of Ashenzari.
  4113 | D:5      | Reached *** piety under Lugonu
  4224 | D:5      | Found a stormy altar of Qazlal.
  4411 | D:5      | Got a slimy morningstar
  4412 | D:5      | Identified the +11 morningstar of Patience {drain, rElec Int+3 Dex+3} (You found it on level 5 of the Dungeon)
  4579 | D:5      | Found a glowing golden altar of the Shining One.
  4762 | D:6      | Reached skill level 6 in Fighting
  4762 | D:6      | Reached skill level 1 in Maces & Flails
  4762 | D:6      | Reached XP level 8. HP: 70/70 MP: 9/9
  4878 | D:6      | Gained mutation: Your spells are a little easier to cast, but a little less powerful. [mutagenic meat]
  4879 | D:6      | Gained mutation: Scrolls take you a little longer to read. [mutagenic meat]
  4880 | D:6      | Gained mutation: You are robust. (+10% HP) [mutagenic meat]
  4881 | D:6      | Gained mutation: You are dopey. (Int -2) [mutagenic meat]
  4956 | D:6      | Found a staircase to the Ecumenical Temple.
  5019 | D:6      | Found a faded altar of an unknown god.
  5019 | D:6      | Found a faded altar of an unknown god.
  5024 | D:6      | Found a radiant altar of Vehumet.
  5026 | D:6      | Found a faded altar of an unknown god.
  5027 | D:6      | Found a faded altar of an unknown god.
  5143 | D:6      | Reached skill level 5 in Dodging
  5990 | D:6      | HP: 2/78 [gnoll/spear (8)]
  5991 | D:6      | Slain by a gnoll

Skill      XL: |  1  2  3  4  5  6  7  8 |
---------------+-------------------------+-----
Fighting       | 4 5 6 |  6.6
Long Blades    | 1 2 3 4 5 |  5.8
Dodging        | 3 4 5 |  5.2
Stealth        | 1 2 |  2.5
Maces & Flails | 1 3 |  3.8
Axes           | 3 |  3.1
Invocations    | |  2.3

Action                   |  1- 3 |  4- 6 |  7- 9 || total
-------------------------+-------+-------+-------++-------
Melee: Scimitar          |    45 |   112 |    50 ||   207
       Tailslap          |     7 |    15 |    25 ||    47
       Morningstar       |       |       |    51 ||    51
       Hand axe          |       |       |    84 ||    84
Invok: Depart the Abyss  |     1 |       |       ||     1
 Abil: Breathe Fire      |       |       |     6 ||     6
  Use: Scroll            |     4 |       |     2 ||     6
       Potion            |       |       |     6 ||     6
 Stab: Sleeping          |       |     1 |     2 ||     3
  Eat: Chunk             |     1 |     6 |    13 ||    20
Armor: Skin              |    21 |    41 |    58 ||   120
Dodge: Dodged            |    58 |   100 |   210 ||   368
       Rpst.: Scimitar   |    22 |    28 |    11 ||    61
